 Dungeon Crawl Stone Soup version 0.28.0-53-g5a82cb258f (webtiles) character file.

Game seed: 11101795317622489394

42 MiltankisOP the Shield-Bearer (level 3, -3/29 HPs)
             Began as a Formicid Fighter on July 12, 2022.
             Slain by an iguana (5 damage)
             ... on level 2 of the Dungeon.
             The game lasted 00:01:23 (1304 turns).

MiltankisOP the Shield-Bearer (Formicid Fighter)    Turns: 1304, Time: 00:01:23

Health: -3/29      AC:  6    Str: 22    XL:     3   Next: 80%
Magic:  3/3        EV:  9    Int:  7    God:
Gold:   67         SH:  6    Dex: 10    Spells: 2/2 levels left

rFire   . . .      SeeInvis +   a - +0 long sword
rCold   . . .      Faith    .   i - +2 buckler
rNeg    . . .      Spirit   .   b - +0 scale mail
rPois   .          Reflect  .   (helmet unavailable)
rElec   .          Harm     .   (no cloak)
rCorr   .          Rampage  .   (no gloves)
Will    .....                   (no boots)
Stlth   ..........              (no amulet)
HPRegen 0.09/turn               (no ring)
MPRegen 0.08/turn               (no ring)

@: no status effects
A: permanent stasis, dig shafts and tunnels, antennae 3, four strong arms
a: Dig, Shaft Self


You were on level 2 of the Dungeon.
You visited 1 branch of the dungeon, and saw 2 of its levels.

You collected 67 gold pieces.

Inventory:

Hand Weapons
 a - a +0 long sword (weapon)
Armour
 b - a +0 scale mail (worn)
 c - a +0 buckler
 i - a +2 buckler (worn)
 k - a +0 ring mail of fire resistance
Scrolls
 e - a scroll of identify {unknown}
 l - 2 scrolls of silence {unknown}
Potions
 d - 2 potions of might
 f - a potion of invisibility {unknown}
 g - 3 potions of degeneration {unknown}
 h - a potion of curing {unknown}
 j - a potion of heal wounds {unknown}
 m - a potion of flight {unknown}


   Skills:
 - Level 3.2 Fighting
 + Level 3.6 Long Blades
 - Level 3.2 Armour
 - Level 3.9 Shields


You had 2 spell levels left.
You didn't know any spells.
Your spell library was empty.

Dungeon Overview and Level Annotations

Branches:
Dungeon (2/15)

Altars:


Innate Abilities, Weirdness & Mutations

You cannot be hasted, slowed, berserked, paralysed or teleported.
You can dig through walls and to a lower floor.
You have a pair of large antennae on your head. (SInv)
Your four strong arms can wield two-handed weapons with a shield.


Message History

You are too injured to fight recklessly!
You are too injured to fight recklessly!
You are too injured to fight recklessly!
You are too injured to fight recklessly!
You are too injured to fight recklessly!
You are too injured to fight recklessly!
You are too injured to fight recklessly!
You are too injured to fight recklessly!
You are too injured to fight recklessly!
You are too injured to fight recklessly!
You are too injured to fight recklessly!
You hit the giant cockroach.
The giant cockroach is heavily wounded.
The giant cockroach bites you but does no damage.
You block the giant cockroach's attack.
You hit the giant cockroach.
You kill the giant cockroach!
You barely miss the iguana.
The iguana is moderately wounded.
The iguana barely misses you. The iguana bites you.
You closely miss the iguana.
The iguana is moderately wounded.
The iguana bites you!
* * * LOW HITPOINT WARNING * * *
You hit the iguana.
The iguana is heavily wounded.
The iguana bites you but does no damage.
You barely miss the iguana.
The iguana is heavily wounded.
The iguana barely misses you.
You hit the iguana.
The iguana is severely wounded.
The iguana bites you.
* * * LOW HITPOINT WARNING * * *
The iguana bites you.
* * * LOW HITPOINT WARNING * * *
You barely miss the iguana.
The iguana is severely wounded.
The iguana bites you.
You die...

#.#.######..
. #.#
.###........
. ..
#.#†#######.
#. .. ##.##
#.###. #.#
.#(.##.# #.#
# #...)#.#
#.#
#.#!...#.#
#.#
#.##l[#..#
#.#
#.?@###..#
#.#
##.......#
#.# #..#..#.#
#.# ##...##
#.# ###.# #.#
#.# #.# #.# #
##.##########
##.##.#
............#
#.....#


You could see an iguana.

Vanquished Creatures
  An adder (D:2)
  A ball python (D:2)
  3 endoplasms
  2 giant cockroaches
  5 goblins
  4 hobgoblins (D:1)
  2 quokkas (D:1)
  3 bats
  3 frilled lizards
  4 kobolds
  2 rats (D:1)
30 creatures vanquished.

Notes
Turn   | Place    | Note
-------+----------+-------------------------------------------
     0 | D:1      | MiltankisOP the Formicid Fighter began the quest for the
                  | Orb.
     0 | D:1      | Reached XP level 1. HP: 18/18 MP: 1/1
   183 | D:1      | Reached XP level 2. HP: 15/24 MP: 2/2
   735 | D:1      | Reached XP level 3. HP: 29/29 MP: 3/3
  1304 | D:2      | Slain by an iguana

Illustrated notes

Levels and vault maps discovered:
D:1:      dpeg_arrival_tiny_d, layout_basic, minmay_stone_trees_small
D:2:      layout_loops_ring, minmay_tetromino_l4

Skill      XL: |  1  2 |
---------------+-------+-----
Long Blades    | 3 |  3.6
Fighting       | |  3.2
Armour         | |  3.2
Shields        | |  3.9

Action                   || total
-------------------------++-------
Melee: Long sword        ||    80
Armor: Scale mail        ||    31
Dodge: Dodged            ||    36
Block: Buckler           ||    14
